 Dungeon Crawl Stone Soup version 0.21-a0-471-gd587bd5 (webtiles) character file.

45 dududu the Conjurer (level 3, 20/20 HPs)
             Began as a Tengu Conjurer on Nov 21, 2017.
             Quit the game on level 2 of the Dungeon.
             The game lasted 00:06:50 (1679 turns).

dududu the Conjurer (Tengu Conjurer)                Turns: 1679, Time: 00:06:50

Health: 20/20      AC:  3    Str:  8    XL:     3   Next: 64%
Magic:  7/7        EV: 12    Int: 16    God:
Gold:   68         SH:  0    Dex: 14    Spells: 3/6 levels left

rFire    . . .     SeeInvis .   d - +0 dagger
rCold    . . .     Gourm    .   (no shield)
rNeg     . . .     Faith    .   l - +0 leather armour
rPois    .         Spirit   .   (helmet restricted)
rElec    .         Reflect  .   (no cloak)
rCorr    .         Harm     .   (no gloves)
MR       .....                  (boots unavailable)
Stlth    ++........             (no amulet)
HPRegen  0.06/turn              (no ring)
MPRegen  0.10/turn              (no ring)

@: no status effects
A: beak, talons 3
a: no special abilities


You were on level 2 of the Dungeon.
You were not hungry.

You visited 1 branch of the dungeon, and saw 2 of its levels.

You collected 68 gold pieces.

Inventory:

Hand Weapons
 d - a +0 dagger (weapon)
Missiles
 g - 49 stones (quivered)
Armour
 a - a +0 robe
 l - a +0 leather armour (worn)
Jewellery
 m - an uncursed ring of resist corrosion {unknown}
Scrolls
 f - a scroll of amnesia {unknown}
 h - 2 scrolls of teleportation {unknown}
 i - 3 scrolls of identify {unknown}
Potions
 e - a potion of agility {unknown}
 j - 2 potions of haste {unknown}
 k - 2 potions of heal wounds {unknown}
Books
 b - a book of Conjurations

   Spells                             Type                      Level
   a - Magic Dart                     Conjuration                  1
   b - Searing Ray                    Conjuration                  2
   c - Dazzling Spray                 Conjuration/Hexes            3
   d - Fulminant Prism                Conjuration/Hexes            4
   e - Force Lance                    Conjuration/Translocation    4
   f - Iskenderun's Mystic Blast      Conjuration                  4
Comestibles
 c - 4 bread rations


   Skills:
 + Level 0.3 Fighting
 + Level 2.8 Dodging
 - Level 2.5 Stealth
 - Level 2.4 Spellcasting
 + Level 5.7 Conjurations


You had 3 spell levels left.
You knew the following spells:

 Your Spells              Type           Power        Failure   Level  Hunger
a - Magic Dart            Conj           ###.         2%          1    #......
b - Searing Ray           Conj           ###...       4%          2    ###....


Dungeon Overview and Level Annotations

Branches:
Dungeon (2/15)

Altars:


Innate Abilities, Weirdness & Mutations

You have a beak for a mouth.
You have claws for feet.


Message History

Found 10 gold pieces.
Found a stone staircase leading down.
The helpless rat fails to defend itself.
You puncture the rat!
You kill the rat!
You see here a rat corpse.
Saving game... please wait.
Welcome back, dududu the Tengu Conjurer.
Press ? for a list of commands and other information.
Unknown command.
Saving game... please wait.
Warning: Invalid weapon tile offsets: "20" (~/.crawlrc:11) Welcome back, dududu the Tengu Conjurer.
Press ? for a list of commands and other information.
Saving game... please wait.
Welcome back, dududu the Tengu Conjurer.
Press ? for a list of commands and other information.
Saving game... please wait.
Welcome back, dududu the Tengu Conjurer.
Press ? for a list of commands and other information.
Are you sure you want to abandon this character and quit the game? (Confirm with "yes".)

#...#...#...#..
#.#...#...#.†.#
#...#...#...#..
########.#...#...#...#
...........#...#...#..
########..#..#...#..##
#.....###..#..###
#.###.# #...###
#@###.# #.## #.#...#
#.# ####....####.#
.............#
####....######
>....#.## ######.# #.#
#.


There were no monsters in sight!

Vanquished Creatures
  An adder (D:2)
  A dart slug (D:1)
  5 bats
  4 giant cockroaches
  5 goblins (D:1)
  3 hobgoblins (D:1)
  2 jackals (D:1)
  3 kobolds (D:1)
  2 ball pythons (D:1)
  2 frilled lizards
  2 rats
30 creatures vanquished.

Notes
Turn   | Place    | Note
-------+----------+-------------------------------------------
     0 | D:1      | dududu the Tengu Conjurer began the quest for the Orb.
     0 | D:1      | Reached XP level 1. HP: 10/10 MP: 4/4
   126 | D:1      | Reached XP level 2. HP: 15/15 MP: 3/6
   131 | D:1      | Learned a level 2 spell: Searing Ray
   780 | D:1      | Reached XP level 3. HP: 19/19 MP: 1/7
  1679 | D:2      | Quit the game

Vault maps used:
D:1:      minmay_arrival_statue_studded, minmay_crystal_water
D:2:      minmay_door_path, first_bread, hex_medium

Action                   || total
-------------------------++-------
Melee: Unarmed           ||     1
       Dagger            ||     1
 Cast: Magic Dart        ||    64
 Stab: Sleeping          ||     1
  Eat: Chunk             ||     3
Armor: Robe              ||     2
Dodge: Dodged            ||     2

Table legend:
 A = Spawn XP
 B = Non-spawn XP
 C = Spawn XP percentage of total XP
 D = Spawn monster count
 E = Non-spawn monster count
 F = Spawn count percentage of total count
 G = Total turns spent on level
                    A         B        C        D         E        F      G
               +---------+---------+-------+---------+---------+-------+---------
         Total |       0 |      65 |   0.0 |       0 |      30 |   0.0 |  1679
               +---------+---------+-------+---------+---------+-------+---------
           D:1 |       0 |      44 |   0.0 |       0 |      24 |   0.0 |  1369
           D:2 |       0 |      21 |   0.0 |       0 |       6 |   0.0 |   310
               +---------+---------+-------+---------+---------+-------+---------
